% Time on Ice - VANCOUVER VOODOO
Lines # - Real PCT - Wanted PCT - Time Play
Normal Forward
1 - 29% - 33% - 12:09
2 - 27% - 31% - 11:02
3 - 23% - 24% - 9:31
4 - 21% - 12% - 8:32
Normal Defense
1 - 31% - 36% - 12:43
2 - 32% - 34% - 13:21
3 - 37% - 30% - 15:10
4 - 0% - 0% - 0:00
PP Forward
1 - 58% - 55% - 6:51
2 - 42% - 45% - 5:03
PP Defense
1 - 57% - 50% - 6:46
2 - 43% - 50% - 5:08
PK Forward
1 - 62% - 55% - 2:42
2 - 38% - 45% - 1:40
PK Defense
1 - 58% - 50% - 2:31
2 - 42% - 50% - 1:51
PK3 Forward
1 - 0% - 55%
2 - 0% - 45%
PK3 Defense
1 - 0% - 55%
2 - 0% - 45%
44 Forward
1 - 75% - 55% - 1:29
2 - 25% - 45% - 0:30
44 Defense
1 - 62% - 50% - 1:14
2 - 38% - 50% - 0:45
Last Minute Offensive  - 0:00
Last Minute Defensive  - 0:31
Total
Forward - 60:00
Defense - 60:00
% Time on Ice - COLORADO GLACIERCATS
Lines # - Real PCT - Wanted PCT - Time Play
Normal Forward
1 - 31% - 35% - 13:05
2 - 33% - 33% - 13:58
3 - 27% - 27% - 11:14
4 - 8% - 5% - 3:28
Normal Defense
1 - 34% - 32% - 14:09
2 - 32% - 32% - 13:32
3 - 34% - 30% - 14:04
4 - 0% - 6% - 0:00
PP Forward
1 - 61% - 50% - 2:40
2 - 39% - 50% - 1:42
PP Defense
1 - 55% - 60% - 2:25
2 - 45% - 40% - 1:57
PK Forward
1 - 52% - 50% - 6:12
2 - 48% - 50% - 5:42
PK Defense
1 - 51% - 50% - 6:05
2 - 49% - 50% - 5:49
PK3 Forward
1 - 0% - 50%
2 - 0% - 50%
PK3 Defense
1 - 0% - 50%
2 - 0% - 50%
44 Forward
1 - 40% - 50% - 0:48
2 - 60% - 50% - 1:11
44 Defense
1 - 0% - 45% - 0:00
2 - 100% - 55% - 1:59
Last Minute Offensive  - 0:00
Last Minute Defensive  - 0:00
Total
Forward - 60:00
Defense - 60:00
Play-by-Play 1st period 0:01 of 1st period - Adam Lowry wins face-off versus Tomas Hertl in neutral zone. 0:43 of 1st period - Shot by Leon Draisaitl. 0:43 of 1st period - Goal by Leon Draisaitl - VANCOUVER VOODOO : 0 - COLORADO GLACIERCATS : 1. 0:44 of 1st period - Noel Acciari wins face-off versus Ryan Getzlaf in neutral zone. 0:51 of 1st period - Shot by Josh Anderson. 0:51 of 1st period - Shot Misses the Net. 0:59 of 1st period - Shot by Jonathan Drouin. 0:59 of 1st period - Stopped by Kaapo Kahkonen without a rebound. 1:00 of 1st period - Tyson Jost wins face-off versus Jake Evans in COLORADO GLACIERCATS zone. 1:33 of 1st period - Shot by Nicolas Roy. 1:33 of 1st period - Stopped by Kaapo Kahkonen without a rebound. 1:34 of 1st period - Noel Acciari wins face-off versus Sam Reinhart in COLORADO GLACIERCATS zone. 1:34 of 1st period - Minor Penalty to Ryan Ellis for Holding. 1:35 of 1st period - Luke Glendening wins face-off versus Adam Lowry in COLORADO GLACIERCATS zone. 1:35 of 1st period - Luke Glendening is hit by Adam Lowry. 2:39 of 1st period - Torey Krug is hit by Jake Evans and loses puck. 2:51 of 1st period - Shot by Jake Bean. 2:51 of 1st period - Stopped by Kaapo Kahkonen with a rebound. 2:53 of 1st period - Shot by Jake Evans. 2:53 of 1st period - Stopped by Kaapo Kahkonen with a rebound. 2:55 of 1st period - Shot by Jake Bean. 2:55 of 1st period - Stopped by Kaapo Kahkonen without a rebound. 2:56 of 1st period - Luke Glendening wins face-off versus Adam Lowry in COLORADO GLACIERCATS zone. 3:02 of 1st period - Icing by Adam Lowry. 3:03 of 1st period - Luke Glendening wins face-off versus Adam Lowry in VANCOUVER VOODOO zone. 3:36 of 1st period - Tomas Hertl is hit by Brendan Lemieux and loses puck. 3:43 of 1st period - Jake Bean is hit by Tomas Hertl. 3:47 of 1st period - Shot by Brendan Lemieux. 3:47 of 1st period - Stopped by Kaapo Kahkonen without a rebound. 3:48 of 1st period - Luke Glendening wins face-off versus Jake Evans in COLORADO GLACIERCATS zone. 4:40 of 1st period - Nicolas Roy is hit by Vladislav Gavrikov and loses puck. 4:57 of 1st period - Shot by Brayden Schenn. 4:57 of 1st period - Deflect By Sam Reinhart. 4:57 of 1st period - Shot Misses the Net. 4:59 of 1st period - Shot by Ryan Ellis. 4:59 of 1st period - Stopped by Braden Holtby without a rebound. 5:00 of 1st period - Noel Acciari wins face-off versus Tomas Hertl in VANCOUVER VOODOO zone. 5:18 of 1st period - Shot by Tomas Hertl. 5:18 of 1st period - Stopped by Braden Holtby without a rebound. 5:19 of 1st period - Adam Lowry wins face-off versus Ryan Getzlaf in VANCOUVER VOODOO zone. 5:31 of 1st period - Shot by Andreas Johnsson. 5:31 of 1st period - Stopped by Kaapo Kahkonen with a rebound. 5:33 of 1st period - Shot by Andreas Johnsson. 5:33 of 1st period - Shot Hit the Post. 5:57 of 1st period - Shot by Brayden Schenn. 5:57 of 1st period - Stopped by Braden Holtby without a rebound. 5:58 of 1st period - Tyson Jost wins face-off versus Noel Acciari in VANCOUVER VOODOO zone. 6:05 of 1st period - Shot by Dustin Brown. 6:05 of 1st period - Stopped by Braden Holtby with a rebound. 6:41 of 1st period - Shot by Tyson Jost. 6:41 of 1st period - Stopped by Braden Holtby without a rebound. 6:42 of 1st period - Joonas Donskoi wins face-off versus Adam Gaudette in VANCOUVER VOODOO zone. 6:55 of 1st period - Shot by Leon Draisaitl. 6:55 of 1st period - Shot Misses the Net. 7:03 of 1st period - Shot by Adam Gaudette. 7:03 of 1st period - Stopped by Kaapo Kahkonen without a rebound. 7:04 of 1st period - Ryan Getzlaf wins face-off versus Adam Lowry in COLORADO GLACIERCATS zone. 7:08 of 1st period - Brayden Schenn is hit by Adam Lowry and loses puck. 7:36 of 1st period - Shot by Sam Reinhart. 7:36 of 1st period - Shot Misses the Net. 7:55 of 1st period - Minor Penalty to Leon Draisaitl for Boarding. 7:56 of 1st period - Luke Glendening wins face-off versus Jake Evans in COLORADO GLACIERCATS zone. 8:19 of 1st period - Devon Toews is hit by Jake Evans and loses puck. 8:37 of 1st period - Icing by Nicolas Hague. 8:38 of 1st period - Ryan Getzlaf wins face-off versus Adam Lowry in VANCOUVER VOODOO zone. 9:27 of 1st period - Shot by Tyson Jost. 9:27 of 1st period - Stopped by Braden Holtby without a rebound. 9:28 of 1st period - Luke Glendening wins face-off versus Jake Evans in VANCOUVER VOODOO zone. 9:31 of 1st period - Shot by Luke Glendening. 9:31 of 1st period - Deflect By Joonas Donskoi. 9:31 of 1st period - Stopped by Braden Holtby without a rebound. 9:32 of 1st period - Adam Lowry wins face-off versus Ryan Getzlaf in VANCOUVER VOODOO zone. 9:49 of 1st period - Shot by Josh Anderson. 9:49 of 1st period - Stopped by Kaapo Kahkonen without a rebound. 9:50 of 1st period - Luke Glendening wins face-off versus Jake Evans in COLORADO GLACIERCATS zone. 9:57 of 1st period - Shot by Brendan Lemieux. 9:57 of 1st period - Shot Misses the Net. 10:10 of 1st period - Minor Penalty to Brett Kulak for High sticking. 10:11 of 1st period - Noel Acciari wins face-off versus Tomas Hertl in VANCOUVER VOODOO zone. 10:35 of 1st period - Icing by Tomas Hertl. 10:36 of 1st period - Tomas Hertl wins face-off versus Noel Acciari in COLORADO GLACIERCATS zone. 10:44 of 1st period - Shot by Devon Toews. 10:44 of 1st period - Shot Misses the Net. 10:46 of 1st period - Shot by Devon Toews. 10:46 of 1st period - Stopped by Braden Holtby without a rebound. 10:47 of 1st period - Brayden Schenn wins face-off versus Jake Evans in VANCOUVER VOODOO zone. 11:54 of 1st period - Shot by Torey Krug. 11:54 of 1st period - Shot Blocked by Mikko Lehtonen. 12:18 of 1st period - Shot by Ryan Ellis. 12:18 of 1st period - Shot Misses the Net. 12:24 of 1st period - Shot by Cameron Hughes. 12:24 of 1st period - Deflect By Tage Thompson. 12:24 of 1st period - Shot Blocked by Nicolas Hague. 12:26 of 1st period - Shot by Ryan Ellis. 12:26 of 1st period - Stopped by Braden Holtby without a rebound. 12:27 of 1st period - Tyson Jost wins face-off versus Jake Evans in VANCOUVER VOODOO zone. 12:48 of 1st period - Shot by Ilya Mikheyev. 12:48 of 1st period - Goal by Ilya Mikheyev - VANCOUVER VOODOO : 1 - COLORADO GLACIER